TOP OF THE 1ST |
Southern Maryland Blue Crabs batting - Pitching for Brockton Rox : RHP Danny Marquez
|
Pitching: RHP Danny Marquez
|
|
Batting: RHB Kevin Popowicz
|
0-0: Ball 1-0: Called Strike 1-1: Called Strike 1-2: Ground out 1-3 (Groundball, 13S, EV 63.8 MPH)
|
Batting: RHB Tony Godley
|
0-0: Called Strike 0-1: Ball 1-1: Swinging Strike 1-2: Foul Ball, location: 2F 1-2: Ball 2-2: Ball 3-2: Base on Balls
|
Batting: RHB Wes Reynolds
|
Balk! Tony Godley to second 0-0: Ball 1-0: Swinging Strike 1-1: Foul Ball, location: 2F 1-2: Ground out 6-3 (Groundball, 56, EV 94.4 MPH)
|
Batting: RHB Mike Pitts
|
0-0: Ground out 3-1 (Groundball, 13, EV 82.5 MPH)
|
Top of the 1st over - 0 runs, 0 hits, 0 errors, 1 left on base; Southern Maryland 0 - Brockton 0 |
BOTTOM OF THE 1ST |
Brockton Rox batting - Pitching for Southern Maryland Blue Crabs : RHP Bruce Yeager
|
Pitching: RHP Bruce Yeager
|
|
Batting: RHB Aukukero Tairi
|
0-0: Foul Ball, location: 2F 0-1: Called Strike 0-2: Ball 1-2: Foul Ball, location: 2F 1-2: Ball 2-2: Ball 3-2: Strikes out swinging
|
Batting: RHB Joe Sandoval
|
0-0: Called Strike 0-1: Foul Ball, location: 2F 0-2: Ball 1-2: SINGLE (Groundball, 4, EV 95.0 MPH)
|
Batting: SHB Salvador Padilla
|
0-0: Ball 1-0: Ball 2-0: Ball 3-0: Called Strike 3-1: SINGLE (Groundball, 6MD, EV 98.8 MPH) Joe Sandoval to second
|
Batting: RHB Dave Burwell
|
0-0: Called Strike 0-1: Ball 1-1: Fly out, F9 (Line Drive, 9, EV 96.2 MPH)
|
Batting: RHB Miguel Villanueva
|
0-0: Foul Ball, location: 2F 0-1: Ball 1-1: Ball 2-1: Ball 3-1: Base on Balls Joe Sandoval to third Salvador Padilla to second
|
Batting: RHB Tony Gallegos
|
0-0: Ball 1-0: Swinging Strike 1-1: Ball 2-1: Swinging Strike 2-2: Ball 3-2: Strikes out swinging
|
Bottom of the 1st over - 0 runs, 2 hits, 0 errors, 3 left on base; Southern Maryland 0 - Brockton 0 |
TOP OF THE 2ND |
Southern Maryland Blue Crabs batting - Pitching for Brockton Rox : RHP Danny Marquez
|
Batting: RHB Ethan Finke
|
0-0: Called Strike 0-1: Ball 1-1: Swinging Strike 1-2: Strikes out swinging
|
Batting: RHB Dave Perron
|
0-0: Called Strike 0-1: Foul Ball, location: 2F 0-2: Ball 1-2: Ground out 6-3 (Groundball, 6, EV 102.5 MPH)
|
Batting: SHB Carlos Carrillo
|
0-0: Foul Ball, location: 2F 0-1: Swinging Strike 0-2: Ball 1-2: Ball 2-2: Ground out 1-3 (Groundball, 15S, EV 69.4 MPH)
|
Top of the 2nd over - 0 runs, 0 hits, 0 errors, 0 left on base; Southern Maryland 0 - Brockton 0 |
BOTTOM OF THE 2ND |
Brockton Rox batting - Pitching for Southern Maryland Blue Crabs : RHP Bruce Yeager
|
Batting: SHB Robert Soto
|
0-0: Ball 1-0: Called Strike 1-1: Called Strike 1-2: Foul Ball, location: 2F 1-2: Foul Ball, location: 2F 1-2: Ball 2-2: Foul Ball, location: 2F 2-2: Ball 3-2: Foul Ball, location: 2F 3-2: Fly out, F7 (Line Drive, 7S, EV 106.9 MPH)
|
Batting: RHB Joe Booth
|
0-0: Foul Ball, location: 2F 0-1: Foul Ball, location: 2F 0-2: Foul Ball, location: 2F 0-2: Foul Ball, location: 2F 0-2: Fly out, F9 (Line Drive, 89M, EV 106.2 MPH)
|
Batting: RHB Bakhtiar Asadov
|
0-0: Fly out, F7 (Flyball, 7LS, EV 88.1 MPH)
|
Bottom of the 2nd over - 0 runs, 0 hits, 0 errors, 0 left on base; Southern Maryland 0 - Brockton 0 |
TOP OF THE 3RD |
Southern Maryland Blue Crabs batting - Pitching for Brockton Rox : RHP Danny Marquez
|
Batting: RHB John Barton
|
0-0: SOLO HOME RUN (Flyball, 7D, EV 97.5 MPH), Distance : 380 ft
|
Batting: LHB Vinny Rivera
|
0-0: Foul Ball, location: 2F 0-1: Ball 1-1: Called Strike 1-2: Foul Ball, location: 2F 1-2: Strikes out swinging
|
Batting: RHB Kevin Popowicz
|
0-0: Called Strike 0-1: Foul Ball, location: 2F 0-2: SOLO HOME RUN (Flyball, 7D, EV 105.6 MPH), Distance : 392 ft
|
Batting: RHB Tony Godley
|
0-0: Swinging Strike 0-1: Ball 1-1: SINGLE (Groundball, 6MD, EV 105.6 MPH)
|
Batting: RHB Wes Reynolds
|
0-0: Ball 1-0: Ball Wild Pitch! Tony Godley to second 2-0: Swinging Strike 2-1: Swinging Strike 2-2: Foul Ball, location: 2F 2-2: Fly out, F9 (Line Drive, 9D, EV 91.9 MPH) Runner from 2nd tags up, SAFE at 3rd, no throw by RF
|
Batting: RHB Mike Pitts
|
0-0: TRIPLE (Flyball, 9LD, EV 101.9 MPH) Tony Godley scores
|
Batting: RHB Ethan Finke
|
0-0: Called Strike 0-1: Ball 1-1: Swinging Strike Balk! Mike Pitts scores 1-2: SINGLE (Flyball, 6MD, EV 87.5 MPH)
|
Batting: RHB Dave Perron
|
0-0: Called Strike 0-1: Foul Ball, location: 2F 0-2: Foul Ball, location: 2F 0-2: Hit by Pitch Ethan Finke to second
|
Batting: SHB Carlos Carrillo
|
0-0: Ball 1-0: Fly out, F3 (Popup, 3, EV 62.5 MPH)
|
Top of the 3rd over - 4 runs, 5 hits, 0 errors, 2 left on base; Southern Maryland 4 - Brockton 0 |
BOTTOM OF THE 3RD |
Brockton Rox batting - Pitching for Southern Maryland Blue Crabs : RHP Bruce Yeager
|
Batting: RHB Aukukero Tairi
|
0-0: Ball 1-0: Ground out 6-3 (Groundball, 6, EV 76.9 MPH)
|
Batting: RHB Joe Sandoval
|
0-0: Called Strike 0-1: Ball 1-1: Foul Ball, location: 2F 1-2: Strikes out swinging
|
Batting: SHB Salvador Padilla
|
0-0: Ball 1-0: Called Strike 1-1: Ball 2-1: Ball 3-1: Foul Ball, location: 2F 3-2: Base on Balls
|
Batting: RHB Dave Burwell
|
0-0: Ball 1-0: Called Strike 1-1: Foul Ball, location: 2F 1-2: Ball 2-2: Foul Ball, location: 2F 2-2: Ball 3-2: Foul Ball, location: 2F 3-2: Ground out 6-3 (Groundball, 6, EV 104.4 MPH)
|
Bottom of the 3rd over - 0 runs, 0 hits, 0 errors, 1 left on base; Southern Maryland 4 - Brockton 0 |
TOP OF THE 4TH |
Southern Maryland Blue Crabs batting - Pitching for Brockton Rox : RHP Danny Marquez
|
Batting: RHB John Barton
|
0-0: Ball 1-0: Ball 2-0: Ball 3-0: Base on Balls
|
Batting: LHB Vinny Rivera
|
0-0: Called Strike 0-1: Called Strike 0-2: Strikes out looking
|
Batting: RHB Kevin Popowicz
|
0-0: Ball 1-0: 2-RUN HOME RUN (Flyball, 7D, EV 104.4 MPH), Distance : 384 ft
|
Pitching: RHP Armando Berrios
|
|
Batting: RHB Tony Godley
|
0-0: Ball 1-0: Ball 2-0: Called Strike 2-1: Fly out, F6 (Flyball, 56D, EV 85.6 MPH)
|
Batting: RHB Wes Reynolds
|
0-0: Foul Ball, location: 2F 0-1: Ball 1-1: Fly out, F7 (Line Drive, 7S, EV 95.6 MPH)
|
Top of the 4th over - 2 runs, 1 hit, 0 errors, 0 left on base; Southern Maryland 6 - Brockton 0 |
BOTTOM OF THE 4TH |
Brockton Rox batting - Pitching for Southern Maryland Blue Crabs : RHP Bruce Yeager
|
Batting: RHB Miguel Villanueva
|
0-0: Called Strike 0-1: Ball 1-1: Called Strike 1-2: Ball 2-2: Fly out, F2 (Popup, 3SF, EV 81.2 MPH)
|
Batting: RHB Tony Gallegos
|
0-0: Ball 1-0: Ball 2-0: Called Strike 2-1: Ball 3-1: Base on Balls
|
Pitching: RHP Jon Bell
|
|
Batting: SHB Robert Soto
|
0-0: Swinging Strike 0-1: Called Strike 0-2: Foul Ball, location: 2F 0-2: Ball 1-2: Strikes out swinging
|
Batting: RHB Joe Booth
|
0-0: Ball 1-0: Ball Pickoff Throw to First - Out! 1-3
|
Bottom of the 4th over - 0 runs, 0 hits, 0 errors, 0 left on base; Southern Maryland 6 - Brockton 0 |
TOP OF THE 5TH |
Southern Maryland Blue Crabs batting - Pitching for Brockton Rox : RHP Armando Berrios
|
Batting: RHB Mike Pitts
|
0-0: Fly out, F6 (Flyball, 6MD, EV 91.2 MPH)
|
Batting: RHB Ethan Finke
|
0-0: Foul Ball, location: 2F 0-1: Ball 1-1: Foul Ball, location: 2F 1-2: Ball 2-2: Foul Ball, location: 2F 2-2: Ball 3-2: Foul Ball, location: 2F 3-2: Foul Ball, location: 2F 3-2: Ground out 6-3 (Groundball, 6S, EV 68.8 MPH)
|
Batting: RHB Dave Perron
|
0-0: Ball 1-0: Fly out, F7 (Flyball, 7, EV 86.9 MPH)
|
Top of the 5th over - 0 runs, 0 hits, 0 errors, 0 left on base; Southern Maryland 6 - Brockton 0 |
BOTTOM OF THE 5TH |
Brockton Rox batting - Pitching for Southern Maryland Blue Crabs : RHP Jon Bell
|
Batting: RHB Joe Booth
|
0-0: Ball 1-0: Ball 2-0: SINGLE (Groundball, 34S, EV 63.8 MPH) (infield hit)
|
Batting: RHB Bakhtiar Asadov
|
0-0: Called Strike 0-1: Called Strike Joe Booth steals 2nd base (no throw) 0-2: Strikes out looking
|
Batting: RHB Aukukero Tairi
|
0-0: Ball 1-0: Ball 2-0: Foul Ball, location: 2F 2-1: Foul Ball, location: 2F 2-2: Ground out 2-3 (Groundball, 15S, EV 63.8 MPH) Joe Booth to third
|
Batting: RHB Joe Sandoval
|
0-0: Called Strike 0-1: Foul Ball, location: 2F 0-2: Ball 1-2: Ball 2-2: Ball 3-2: Base on Balls
|
Batting: SHB Salvador Padilla
|
0-0: Called Strike 0-1: Swinging Strike 0-2: Foul Ball, location: 2F 0-2: Strikes out looking
|
Bottom of the 5th over - 0 runs, 1 hit, 0 errors, 2 left on base; Southern Maryland 6 - Brockton 0 |
TOP OF THE 6TH |
Southern Maryland Blue Crabs batting - Pitching for Brockton Rox : RHP Armando Berrios
|
Batting: SHB Carlos Carrillo
|
0-0: Swinging Strike 0-1: Foul Ball, location: 2F 0-2: Fly out, F9 (Flyball, 89S, EV 92.5 MPH)
|
Batting: RHB John Barton
|
0-0: Ball 1-0: Ball 2-0: Called Strike 2-1: Ball 3-1: Base on Balls
|
Batting: LHB Vinny Rivera
|
0-0: Ball 1-0: Foul Ball, location: 2F 1-1: Ball 2-1: Called Strike Pickoff Throw by Catcher to First - Out! 2-2: Fly out, F7 (Flyball, 78S, EV 74.4 MPH)
|
Top of the 6th over - 0 runs, 0 hits, 0 errors, 0 left on base; Southern Maryland 6 - Brockton 0 |
BOTTOM OF THE 6TH |
Brockton Rox batting - Pitching for Southern Maryland Blue Crabs : RHP Jon Bell
|
Batting: RHB Dave Burwell
|
0-0: Foul Ball, location: 2F 0-1: Swinging Strike 0-2: Ball 1-2: Foul Ball, location: 2F 1-2: Foul Ball, location: 2F 1-2: Strikes out swinging
|
Batting: RHB Miguel Villanueva
|
0-0: Fly out, F8 (Flyball, 8LXD, EV 95.0 MPH)
|
Batting: RHB Tony Gallegos
|
0-0: Called Strike 0-1: Ball 1-1: Ball 2-1: Ball 3-1: Swinging Strike 3-2: Strikes out swinging
|
Bottom of the 6th over - 0 runs, 0 hits, 0 errors, 0 left on base; Southern Maryland 6 - Brockton 0 |
TOP OF THE 7TH |
Southern Maryland Blue Crabs batting - Pitching for Brockton Rox : RHP Armando Berrios
|
Batting: RHB Kevin Popowicz
|
0-0: Foul Ball, location: 2F 0-1: Ball 1-1: Ball 2-1: Ball 3-1: Foul Ball, location: 2F 3-2: Hit by Pitch
|
Batting: RHB Tony Godley
|
0-0: Ball 1-0: Fly out, F6 (Line Drive, 6, EV 65.6 MPH)
|
Batting: RHB Wes Reynolds
|
0-0: Called Strike 0-1: Ball 1-1: Foul Ball, location: 2F 1-2: DOUBLE (Line Drive, 7LM, EV 103.8 MPH) Kevin Popowicz to third Kevin Popowicz scores
|
Pitching: RHP Austin O'Connor
|
|
Pinch Hitting: RHB Matthew Neal
|
0-0: Swinging Strike 0-1: Foul Ball, location: 2F 0-2: Ball 1-2: Foul Ball, location: 2F 1-2: Foul Ball, location: 2F 1-2: Foul Ball, location: 2F 1-2: Foul Ball, location: 2F 1-2: Foul Ball, location: 2F 1-2: Strikes out swinging
|
Pinch Hitting: RHB Atsunori Ishikawa
|
0-0: Foul Ball, location: 2F 0-1: Ball 1-1: Ball 2-1: Ground out 5-3 (Groundball, 56, EV 84.4 MPH)
|
Top of the 7th over - 1 run, 1 hit, 0 errors, 1 left on base; Southern Maryland 7 - Brockton 0 |
BOTTOM OF THE 7TH |
Brockton Rox batting - Pitching for Southern Maryland Blue Crabs : RHP Jon Bell
|
Now at 3B: Matthew Neal
|
|
Now at SS: Atsunori Ishikawa
|
|
Batting: SHB Robert Soto
|
0-0: Called Strike 0-1: Ball 1-1: Ball 2-1: Ground out U3 (Groundball, 3, EV 87.5 MPH)
|
Batting: RHB Joe Booth
|
0-0: Ball 1-0: Foul Ball, location: 2F 1-1: Ball 2-1: Fly out, F8 (Flyball, 8RD, EV 73.1 MPH)
|
Batting: RHB Bakhtiar Asadov
|
0-0: Called Strike 0-1: Ball 1-1: Called Strike 1-2: Strikes out swinging
|
Bottom of the 7th over - 0 runs, 0 hits, 0 errors, 0 left on base; Southern Maryland 7 - Brockton 0 |
TOP OF THE 8TH |
Southern Maryland Blue Crabs batting - Pitching for Brockton Rox : RHP Austin O'Connor
|
Batting: RHB Dave Perron
|
0-0: Fly out, F6 (Line Drive, 6, EV 70.0 MPH)
|
Batting: SHB Carlos Carrillo
|
0-0: Called Strike 0-1: Swinging Strike 0-2: Ball 1-2: Foul Ball, location: 2F 1-2: Strikes out swinging, 2-3 out at first.
|
Pinch Hitting: LHB Antonio Gutierrez
|
0-0: Fly out, F8 (Flyball, 8LD, EV 99.4 MPH)
|
Top of the 8th over - 0 runs, 0 hits, 0 errors, 0 left on base; Southern Maryland 7 - Brockton 0 |
BOTTOM OF THE 8TH |
Brockton Rox batting - Pitching for Southern Maryland Blue Crabs : RHP Jon Bell
|
Now in LF: Antonio Gutierrez
|
|
Now in RF: Vinny Rivera
|
|
Batting: RHB Aukukero Tairi
|
0-0: Called Strike 0-1: Swinging Strike 0-2: Strikes out swinging
|
Batting: RHB Joe Sandoval
|
0-0: Ball 1-0: Ball 2-0: Ball 3-0: Called Strike 3-1: Base on Balls
|
Pitching: RHP Marco Benavente
|
|
Batting: SHB Salvador Padilla
|
0-0: Ball 1-0: Ball 2-0: Foul Ball, location: 2F 2-1: Grounds into double play, 6-4-3 (Groundball, 6, EV 92.5 MPH)
|
Bottom of the 8th over - 0 runs, 0 hits, 0 errors, 0 left on base; Southern Maryland 7 - Brockton 0 |
TOP OF THE 9TH |
Southern Maryland Blue Crabs batting - Pitching for Brockton Rox : RHP Austin O'Connor
|
Batting: LHB Vinny Rivera
|
0-0: Ball 1-0: Swinging Strike 1-1: Foul Ball, location: 2F 1-2: Strikes out swinging
|
Pinch Hitting: RHB Manny Hensley
|
0-0: Called Strike 0-1: Swinging Strike 0-2: Ball 1-2: Strikes out looking
|
Pinch Hitting: RHB Wil Ochoa
|
0-0: Ball 1-0: Swinging Strike 1-1: SOLO HOME RUN (Flyball, 7D, EV 98.1 MPH), Distance : 376 ft
|
Batting: RHB Wes Reynolds
|
0-0: Called Strike 0-1: Ball 1-1: Ball 2-1: Ball 3-1: SINGLE (Groundball, 6M, EV 100.6 MPH) (infield hit)
|
Pitching: RHP Nherbert Silivan
|
|
Pinch Hitting: RHB Minoru Matsumoto
|
0-0: Called Strike 0-1: Swinging Strike 0-2: Ball 1-2: Strikes out swinging
|
Top of the 9th over - 1 run, 2 hits, 0 errors, 1 left on base; Southern Maryland 8 - Brockton 0 |
BOTTOM OF THE 9TH |
Brockton Rox batting - Pitching for Southern Maryland Blue Crabs : RHP Marco Benavente
|
Now at 2B: Manny Hensley
|
|
Now at 3B: Minoru Matsumoto
|
|
Now in CF: Wil Ochoa
|
|
Batting: RHB Dave Burwell
|
0-0: Ball 1-0: Ball 2-0: Called Strike 2-1: SOLO HOME RUN (Flyball, 9D, EV 97.5 MPH), Distance : 386 ft
|
Batting: RHB Miguel Villanueva
|
0-0: Ground out 4-3 (Groundball, 4, EV 83.1 MPH)
|
Batting: RHB Tony Gallegos
|
0-0: Foul Ball, location: 2F 0-1: Swinging Strike 0-2: Strikes out swinging
|
Batting: SHB Robert Soto
|
0-0: Foul Ball, location: 2F 0-1: Ball 1-1: Ball 2-1: Called Strike 2-2: Strikes out swinging
|
Bottom of the 9th over - 1 run, 1 hit, 0 errors, 0 left on base; Southern Maryland 8 - Brockton 1 |
|